Cogmind - Beta 13 @@@ ROGUE MODE // 2024.06.01 @ 03:45:36 Player: Comet Result: Destroyed by G-34 Mercenary with Small Laser Performance ------------- Evolutions (0) 0 Regions Visited (1) 200 Robots Destroyed (23) 115 Value Destroyed (562) 562 Prototype IDs (0) 0 Alien Tech Used (0) 0 Bonus (0) 0 TOTAL SCORE: 877 Bonus ------- None Cogmind --------- Core Integrity 0/250 Matter 295/300 Energy 159/250 System Corruption 0% Temperature Hot (274) Movement Core (250) Ox4 Location -10/Materials Parts ------- > --- POWER (1) -------- Ion Engine > --- PROPULSION (2) --- (None) > --- UTILITY (2) ------ (None) > --- WEAPON (2) ------- Particle Cannon Particle Cannon > --- INVENTORY (5) ---- Ion Engine Large Storage Unit Signal Interpreter Light Assault Rifle Hammer Peak State ------------ > --- POWER ------------ Light Nuclear Core > --- PROPULSION ------- Light Treads Wheel > --- UTILITY ---------- Huge Storage Unit Medium Armor Plating > --- WEAPON ----------- Particle Cannon Particle Cannon > --- INVENTORY -------- Ion Engine Ion Engine Large Storage Unit Signal Interpreter Improved Terrain Scanner Targeting Computer Particle Cannon Light Assault Rifle Grenade Launcher Mining Laser Hammer [Rating: 13] Favorites ----------- Power Light Nuclear Core Engine Ion Engine Power Core Light Nuclear Core Propulsion Light Treads Treads Light Treads Leg Aluminum Leg Wheel Wheel Utility Huge Storage Unit Device Tractor Beam Storage Huge Storage Unit Protection Medium Armor Plating Weapon Particle Cannon Energy Cannon Particle Cannon Ballistic Gun Light Assault Rifle Build | -11 -10 ------- Run | Yrd Mat Slots Evolved . | . . Power . | . . Propulsion . | . . Utility . | . . Weapon . | . . Parts Attached 27 | 8 19 Power 3 | 1 2 Engine 2 | 1 1 Core 1 | . 1 Reactor . | . . Propulsion 6 | 4 2 Treads 3 | 3 . Leg 1 | . 1 Wheel 2 | 1 1 Hover . | . . Flight . | . . Utility 7 | 1 6 Device 2 | . 2 Storage 4 | 1 3 Processor . | . . Hackware . | . . Protection 1 | . 1 Artifact . | . . Weapon 11 | 2 9 Energy Gun . | . . Energy Cannon 3 | . 3 Ballistic Gun 8 | 2 6 Ballistic Cannon . | . . Launcher . | . . Special Weapon . | . . Impact Weapon . | . . Slashing Weapon . | . . Piercing Weapon . | . . Special Melee Weapon . | . . Unidentified Prototypes . | . . Parts Lost 6 | . 6 Power 1 | . 1 Propulsion 2 | . 2 Utility 1 | . 1 Weapon 2 | . 2 Highest Loss Streak 3 | . 3 To Critical Strikes . | . . Average Slot Usage (%) 91 | . 91 Engine 3 | . 3 Core 10 | . 10 Treads 10 | . 10 Wheel 10 | . 10 Device 7 | . 7 Storage 13 | . 13 Protection 6 | . 6 Energy Cannon 12 | . 12 Ballistic Gun 15 | . 15 Naked Turns . | . . Heaviest Build 100 | 12 100 Greatest Support 40 | 40 40 Greatest Overweight (x) 9 | 3 9 Average Overweight (x) 5 | . 6 Largest Inventory Capacity 25 | 8 25 Average Capacity 19 | 6 21 Most Carried 13 | . 13 Average Carried 7 | . 8 Final Capacity 8 | 8 5 Final Carried 5 | . 5 Class Distribution -------------------- 100% | Mutant Dominant Class ---------------- Mutant | -10/Materials Resources | -11 -10 ----------- Run | Yrd Mat Matter Collected 596 | 295 301 Remotely 222 | . 222 Salvage Created 678 | 87 591 Parts 46 | 1 45 Haulers Intercepted . | . . Recyclers Shooed . | . . Parts Field Recycled . | . . Retrieved Matter . | . . Parts Self-Destructed . | . . Prevented . | . . Kills | -11 -10 ------- Run | Yrd Mat Combat Hostiles Destroyed 16 | . 16 Melee 1 | . 1 Guns 9 | . 9 Cannons 6 | . 6 Classes Destroyed 8 | 2 6 Worker 1 | 1 . Builder 1 | . 1 Tunneler 1 | . 1 Recycler 1 | 1 . Operator 1 | . 1 Watcher 2 | . 2 Swarmer 3 | . 3 Grunt 13 | . 13 Best Kill Streak 3 | 1 3 Combat Bots Only 3 | . 3 Max Kills in Single Turn 1 | 1 1 Gunslinging . | . . Exploded . | . . Melee 1 | . 1 Uniques/NPCs Destroyed . | . . Combat | -11 -10 -------- Run | Yrd Mat Hostile Shots Fired 139 | . 139 Missed 36 | . 36 Damage Taken 1151 | . 1151 Core 250 | . 250 Absorbed by Shields . | . . Core Remaining (%) 100 | 100 . Volleys Fired 77 | 13 64 Largest 2 | 2 2 Hottest 136 | 40 136 Shots Fired 153 | 26 127 Gun 93 | 26 67 Cannon 60 | . 60 Launcher . | . . Special . | . . Kinetic 93 | 26 67 Thermal 60 | . 60 Explosive . | . . Electromagnetic . | . . Robot Hit Streak 10 | 8 10 Robot Miss Streak 6 | 3 6 Penetration Max . | . . Secondary Targets 3 | . 3 Max Gunslinging Chain 1 | . 1 Shots Hit Robots 83 | 11 72 Core Hits 36 | 5 31 Critical Kills 1 | . 1 Critical Parts Destroyed 1 | 1 . Critical Strikes 2 | 1 1 Destroy 2 | 1 1 Melee Attacks . | . . Impact . | . . Slashing . | . . Piercing . | . . Sneak Attacks . | . . Combat Hostiles . | . . Follow-up Attacks . | . . Damage Inflicted 1186 | 86 1100 Guns 588 | 86 502 Cannons 572 | . 572 Explosions . | . . Melee . | . . Ramming 26 | . 26 Kinetic 588 | 86 502 Thermal 572 | . 572 Explosive . | . . Electromagnetic . | . . Impact . | . . Slashing . | . . Piercing . | . . Highest Corruption . | . . Average Corruption . | . . Corruption Purged . | . . Corruption Blocked . | . . Overload Shots . | . . Overflow Damage 11 | . 11 Projectiles 11 | . 11 Explosions . | . . Melee . | . . Knockbacks 1 | . 1 Impact 1 | . 1 Kinetic . | . . Secondary . | . . Self-Inflicted Damage . | . . Shots . | . . Rammed 18 | . 18 Targets Rammed 18 | . 18 Kicked . | . . Crushed . | . . Highest Temperature 387 | . 387 Average Temperature 150 | . 150 Received Heat Transfer 576 | . 576 Effects 1 | . 1 Energy Bleed 1 | . 1 Siege Activations . | . . Robots Corrupted . | . . Combat Hostiles . | . . Parts Fried . | . . Impact Corruptions . | . . Robots Melted . | . . Combat Hostiles . | . . Parts Melted 3 | . 3 Heat Transferred 1036 | . 1036 Parts Sabotaged . | . . Parts Stolen . | . . Parts Stripped . | . . Power Chain Reactions . | . . Alert | -11 -10 ------- Run | Yrd Mat Peak Influence 207 | 10 207 Initial 6 | . 6 Average 44 | 5 48 Maximum Alert Level 1 | . 1 Low Security (%) 99 | 100 98 Level 1 . | . 1 Level 2 . | . . Level 3 . | . . Level 4 . | . . Level 5 . | . . High Security . | . . Max Security . | . . Squads Dispatched 4 | . 4 Investigation 2 | . 2 Extermination . | . . Reinforcement 2 | . 2 Assault . | . . Garrison . | . . Intercept . | . . Searches Triggered . | . . Construction Impeded . | . . Haulers Reinforced . | . . Active Scanning Responses . | . . Cargo Convoy Interrupts . | . . Stealth | -11 -10 --------- Run | Yrd Mat Distress Signals 2 | . 2 Communications Jammed . | . . Distress Signals . | . . Times Spotted 24 | . 24 Peak Tracking Total 3 | . 3 Tactical Retreats . | . . Traps | -11 -10 ------- Run | Yrd Mat Traps Triggered 1 | . 1 Indirectly . | . . Trap Hack Attempts . | . . Triggered . | . . Disarmed . | . . Reprogrammed . | . . Reused . | . . Traps Extracted . | . . Installed . | . . Triggered . | . . Machines | -11 -10 ---------- Run | Yrd Mat Machines Disabled 1 | . 1 Max in Single Turn 1 | . 1 Machines Repaired . | . . Machines Dismantled . | . . Machines Sabotaged . | . . Overloaded Fab Kills . | . . Hacking | -11 -10 --------- Run | Yrd Mat Machines Accessed 3 | . 3 Terminals 2 | . 2 Fabricators . | . . Repair Stations . | . . Recycling Units 1 | . 1 Scanalyzers . | . . Garrison Access . | . . Total Hacks 9 | . 9 Successful 5 | . 5 Failed 4 | . 4 Catastrophic . | . . Database Lockouts . | . . Manual 4 | . 4 Terminals 5 | . 5 Fabricators . | . . Repair Stations . | . . Recycling Units 4 | . 4 Scanalyzers . | . . Garrison Access . | . . Terminal Hacks 1 | . 1 Part Schematic 1 | . 1 Fabricator Hacks . | . . Repair Station Hacks . | . . Recycling Unit Hacks 2 | . 2 Report Inventory 1 | . 1 Retrieve Components 1 | . 1 Scanalyzer . | . . Garrison Access Hacks . | . . Unauthorized Hacks 2 | . 2 Terminals . | . . Fabricators . | . . Repair Stations . | . . Recycling Units 2 | . 2 Reject 1 | . 1 Mask 1 | . 1 Scanalyzers . | . . Garrison Access . | . . Data Cores Recovered . | . . Used . | . . Hacking Detections 3 | . 3 Full Trace Events 2 | . 2 Feedback Events . | . . Feedback Blocked . | . . Robot Schematics Acquired . | . . Robots Built . | . . Authchips . | . . Time . | . . Total Robot Build Rating . | . . Part Schematics Acquired 1 | . 1 Parts Built . | . . Authchips . | . . Time . | . . Total Part Build Rating . | . . Parts Repaired . | . . Time . | . . Parts Recycled . | . . Recycled Matter . | . . Retrieved Matter . | . . Retrieved Components 2 | . 2 Parts Scanalyzed . | . . Part Schematics Acquired . | . . Parts Damaged . | . . Bothacking | -11 -10 ------------ Run | Yrd Mat Used RIF Installer . | . . Robots Hacked . | . . Non-combat . | . . Combat . | . . Robot Hacks Applied . | . . Relay Couplers Released . | . . Fabnet Peak Effective % . | . . Robots Rewired . | . . Allies Hacked . | . . Hacks Repelled . | . . Allies | -11 -10 -------- Run | Yrd Mat Total Allies . | . . Largest Group . | . . Highest-Rated Group . | . . Highest-Rated Ally . | . . Total Orders . | . . Ally Attacks . | . . Total Damage . | . . Kills . | . . Allies Corrupted . | . . Allies Melted . | . . Intel | -11 -10 ------- Run | Yrd Mat Robot Analysis Total . | . . Derelict Logs Recovered . | . . Drone Launches . | . . Drone Recoveries . | . . Exploration | -11 -10 ------------- Run | Yrd Mat Turns Passed 2096 | 157 1939 Spaces Moved 883 | 72 811 Core 12 | 8 4 Treads 241 | 64 177 Legs . | . . Wheels 630 | . 630 Hover . | . . Flight . | . . Fastest Speed 50 | 50 110 Average Speed 193 | 149 197 Slowest Speed 350 | 200 350 Overloaded Moves . | . . Propulsion Burnouts . | . . Robots Hopped . | . . Cave-ins Triggered . | . . Exploration Rate (%) 34 | 5 64 Regions Visited 1 Branch Regions . Pre-discovered Areas . | . . Known Exits Taken . | . . Unknown Exits Taken 1 | 1 . Scrap Searched . | . . Spaces Dug . | . . Terrain Destroyed . | . . Melee . | . . Projectile . | . . AOE . | . . Terrain Rammed . | . . Walls Destroyed . | . . Machines Disabled . | . . Actions | -11 -10 --------- Run | Yrd Mat Total 1098 | 97 1001 Wait 71 | 3 68 Move 882 | 71 811 Hop . | . . Pick Up 10 | . 10 Fast Attach 20 | 8 12 Attach 1 | . 1 Detach . | . . Swap 6 | . 6 Drop 13 | 2 11 Fire 77 | 13 64 Melee . | . . Ram . | . . Kick . | . . Crush 18 | . 18 Escape Stasis . | . . Rewire . | . . Trap . | . . Miscellaneous . | . . Route ------- -11/Scrapyard -10/Materials (discovered 3 exits: [*Mat] / [*Min] / [*Sub]) History --------- Turn | Location | Event 3 | -11/Scrapyard | Discovered new exit (range 15) 158 | -11/Scrapyard | Entered Materials 307 | -10/Materials | Build established: Mutant 539 | -10/Materials | Core integrity fell below 50% 754 | -10/Materials | Discovered new exit (range 11) 924 | -10/Materials | Discovered new exit (range 10) 1523 | -10/Materials | Discovered new exit (range 12) 2067 | -10/Materials | Core integrity fell below 20% 2097 | -10/Materials | Destroyed by G-34 Mercenary with Small Laser Last Messages --------------- R-06 Scavenger collects Aluminum Leg. K-01 Serf collects debris. EXIT=FOUND K-01 Serf cleans the Pressure Siphon. O-16 Technician: "IFF HANDSHAKE FAILED. SECURING TERMINAL." ALERT: Hostiles spotted, dispatching reinforcements to Terminal M007. O-16 Technician destroyed. Acquired 10 matter. Acquired Hacking Suite. G-34 Mercenary destroyed. W-16 Scout destroyed. Atomic Centrifuge disabled. R-06 Scavenger collects Sensor Array. Wheel destroyed. Lgt. Nuclear Core destroyed. Dropped Huge Storage Unit. Critical hit (Burn: +37). R-06 Scavenger collects Hacking Suite. Overheating: Energy bleed (-32). Med. Armor Plating destroyed. Map ----- +----------------------------------------------------+ | ????? "????????# #### ################# | | ????? "????????# #????????# """ ## | | ????? ?? #????# ^ ^ #????????# """ ### # | | ????? ? ?????# """ #????????# """ #?# # | | ????? ???????# """ #????????# #?# | | ######+########## """ #????????# #?# | | % """ #????????# ### | | % #?#############+## | | #?# # | | #############+###^ """ #?# * # | | #????????????# """ #?# # | | #????????????# """ #?# # ## | | " #????????????# """ #?########+## ####### | | " #????????????# #??????# + | | " #????????????# % #??????# # | | " #????????????# % #??????# # """ | | ?????????????# ########??????# ###### """ | | +################ #?#######?????# #????# """ | | # #???# #????# | | # #???# ############ | | # """ """ #???# | | #################^ # """ """ #?####+############# | | ????????????????# ^ # """ """ #?# #???????? | | ????????????????# # #?# #???????? | | ????????????????# # #?# #?####### | | ????????????????# # @ ! #?# ### # | | ????????????????# #####g####### #< # | | ????????????????# |!] # # ## | | ????????????????# ]!g= + T=# ## | | ????????????????# ] # + ## | | ????????????????# % w## =# ## | | ????????????????# "" ## ########### | | ????????????????# """ k## #?????????# ? | | ????????????????# """ ## #?????????# ?? | | ????????????????# ## #?????????#####??? | | ????????????????# ## #??????????####### | | ????????????????# """ #######??######??# | | ????????????????# """ #????????# #??# "" | | ????????????????# ??""" #????????# #??# "Y | | ????????????????+ ????? #????????# #### ""[![ | | ??????????????? ??????? #????????# # + % | | ???????????????????????" #????????# # # = | | ???????????????????????" #????????# # ####+## | | ???????????????????????? ?????????#|! + | | ???????????????????????????????????#|! # | | ???????????????????????????????????#|/ + = | | ???????????????????????????????????######+#+## = | | ????????????????????????????????????# ! # = | | ????????????????????????????????????#"" """ # | | ????????????????????????????????????#"T """ # | +----------------------------------------------------+ Best States ------------- Heat Dissipation 35 Energy Generation 14 Energy Capacity 250 Matter Stores 300 Matter Capacity 300 Sight Range 16 Terrain Scan Density 10 Armor Coverage 225 Evasion (%) 40 Recoil Reduction 2 Item Schematics ----------------- Huge Storage Unit | -10/Materials | Hacked Robot Schematics ------------------ None Fabricated ------------ Nothing Alien Tech Used ----------------- None Achievements -------------- Fist Fight True Hacker Use The Force Challenges ------------ None Game ------ Seed AngularGrapheneField Manual? 0 Play Time 00:18:59 Cumulative 23.1 hours Start 2024.06.01 @ 02:43:28 End 2024.06.01 @ 03:45:36 Sessions 2 Manual Loads 0 Difficulty Rogue Special Mode None Game No. 8 Rogue 8 Adventurer 0 Explorer 0 Win Type - Total 0 Types 0/0/0/0/0/0/0/0/0 Lore% 16 Gallery% 23 Achievement% 22 Wizard Run 0 Options --------- Layout 0 ASCII 0 Keyboard 0 Movement Mouse Keybinds 0 Fullscreen 1 Font 18/SmallcapsGlow Map View 76x50 Zoom Use 0% Tactical HUD 0 Map Filters NONE Filters NONE Steam 1 RUN: cda09194-5a05-495f-a387-116a3760d637